| TOP OF THE 1ST |
|
Waterloo Hawks batting - Pitching for Wisconsin Rapids Timber Rattlers : RHP Roger McDowell
|
|
Pitching: RHP Roger McDowell
|
|
|
Batting: RHB Mark Sheehy
|
0-0: Ball 1-0: Swinging Strike 1-1: Called Strike 1-2: Foul Ball, location: 2F 1-2: Ground out 6-3 (Groundball, 6, EV 106.9 MPH)
|
|
Batting: RHB Edward Irvine
|
0-0: Ground out U3 (Groundball, 34S, EV 81.3 MPH)
|
|
Batting: RHB Tony Evans
|
0-0: Ball 1-0: Ball 2-0: Swinging Strike 2-1: Ball 3-1: Swinging Strike 3-2: Fly out, F8 (Flyball, 8LD, EV 103.1 MPH)
|
| Top of the 1st over - 0 runs, 0 hits, 0 errors, 0 left on base; Waterloo 0 - Wisconsin Rapids 0 |
| BOTTOM OF THE 1ST |
|
Wisconsin Rapids Timber Rattlers batting - Pitching for Waterloo Hawks : RHP Paul Voigt
|
|
Pitching: RHP Paul Voigt
|
|
|
Batting: RHB Tim Pyznarski
|
0-0: Called Strike 0-1: Ball 1-1: Ball 2-1: Ball 3-1: Ground out 6-3 (Groundball, 6, EV 85.6 MPH)
|
|
Batting: RHB Jim Presley
|
0-0: Ball 1-0: Ball 2-0: Ground out 4-3 (Groundball, 34, EV 88.8 MPH)
|
|
Batting: LHB Dion James
|
0-0: Ball 1-0: Ball 2-0: SINGLE (Groundball, 5S, EV 76.3 MPH) (infield hit)
|
|
Batting: LHB Greg Smith
|
0-0: Ball 1-0: Ball 2-0: SINGLE (Flyball, 8LS, EV 94.4 MPH) Dion James to second Runner from 2nd tries for 3rd, SAFE, throw by CF made to third
|
|
Batting: RHB Barbaro Garbey
|
0-0: Foul Ball, location: 2F 0-1: Ball Wild Pitch! Dion James scores Greg Smith to second 1-1: Foul Ball, location: 2F 1-2: Ball 2-2: Ball 3-2: Base on Balls
|
|
Batting: LHB Matt Hall
|
0-0: Ball 1-0: Ball 2-0: Foul Ball, location: 2F 2-1: Called Strike 2-2: Fly out, F8 (Flyball, 8LD, EV 83.8 MPH)
|
| Bottom of the 1st over - 1 run, 2 hits, 0 errors, 2 left on base; Waterloo 0 - Wisconsin Rapids 1 |
| TOP OF THE 2ND |
|
Waterloo Hawks batting - Pitching for Wisconsin Rapids Timber Rattlers : RHP Roger McDowell
|
|
Batting: RHB Carmelo Aguayo
|
0-0: Called Strike 0-1: Ball 1-1: Called Strike 1-2: Strikes out looking
|
|
Batting: RHB Jay Loviglio
|
0-0: Ball 1-0: Ground out 4-3 (Groundball, 4, EV 86.3 MPH)
|
|
Batting: LHB Burk Goldthorn
|
0-0: Ground out 6-3 (Groundball, 6, EV 86.9 MPH)
|
| Top of the 2nd over - 0 runs, 0 hits, 0 errors, 0 left on base; Waterloo 0 - Wisconsin Rapids 1 |
| BOTTOM OF THE 2ND |
|
Wisconsin Rapids Timber Rattlers batting - Pitching for Waterloo Hawks : RHP Paul Voigt
|
|
Batting: RHB Darryl Motley
|
0-0: Ball 1-0: Swinging Strike 1-1: Swinging Strike 1-2: Ball 2-2: Foul Ball, location: 2F 2-2: Ball 3-2: Base on Balls
|
|
Batting: RHB Al Pedrique
|
0-0: Ball 1-0: Foul Ball, location: 2F 1-1: Fielders Choice at 2nd, 6-4 (Groundball, 6, EV 83.8 MPH)
|
|
Batting: RHB David Peterson
|
0-0: Ball 1-0: Ball 2-0: Called Strike 2-1: Ball 3-1: Swinging Strike 3-2: Foul Ball, location: 2F 3-2: Base on Balls Al Pedrique to second
|
|
Batting: RHB Tim Pyznarski
|
0-0: Ball 1-0: Swinging Strike 1-1: Ball 2-1: Foul Ball, location: 2F 2-2: Foul Ball, location: 2F 2-2: Grounds into double play, 6-4-3 (Groundball, 6, EV 97.5 MPH)
|
| Bottom of the 2nd over - 0 runs, 0 hits, 0 errors, 1 left on base; Waterloo 0 - Wisconsin Rapids 1 |
| TOP OF THE 3RD |
|
Waterloo Hawks batting - Pitching for Wisconsin Rapids Timber Rattlers : RHP Roger McDowell
|
|
Batting: RHB Michael Williams
|
0-0: Ball 1-0: Foul Ball, location: 2F 1-1: Swinging Strike 1-2: Reached on error, E5 (Groundball, 56, EV 86.3 MPH)
|
|
Batting: RHB Kean Rich
|
0-0: Ball 1-0: Ball 2-0: Foul Ball, location: 2F 2-1: Called Strike 2-2: SINGLE (Groundball, 34D, EV 95.6 MPH) Michael Williams to second Runner from 2nd tries for 3rd, SAFE, no throw by RF
|
|
Batting: RHB David Cusack
|
0-0: Foul Ball, location: 2F 0-1: Ball Wild Pitch! Michael Williams scores Kean Rich to second 1-1: Ball 2-1: Ball 3-1: Foul Ball, location: 2F 3-2: Base on Balls
|
|
Batting: RHB Mark Sheehy
|
0-0: Ball 1-0: Foul Ball, location: 2F 1-1: Fly out, F7 (Line Drive, 7, EV 91.3 MPH)
|
|
Batting: RHB Edward Irvine
|
0-0: Ground out 5-3 (Groundball, 56S, EV 66.3 MPH) Kean Rich to third David Cusack to second
|
|
Batting: RHB Tony Evans
|
0-0: Ground out 4-3 (Groundball, 4S, EV 85.6 MPH)
|
| Top of the 3rd over - 1 run, 1 hit, 1 error, 2 left on base; Waterloo 1 - Wisconsin Rapids 1 |
| BOTTOM OF THE 3RD |
|
Wisconsin Rapids Timber Rattlers batting - Pitching for Waterloo Hawks : RHP Paul Voigt
|
|
Batting: RHB Jim Presley
|
0-0: Foul Ball, location: 2F 0-1: Fly out, F9 (Line Drive, 9D, EV 90.0 MPH)
|
|
Batting: LHB Dion James
|
0-0: Ball 1-0: Ball 2-0: Called Strike 2-1: Ball 3-1: Ground out 4-3 (Groundball, 13, EV 93.8 MPH)
|
|
Batting: LHB Greg Smith
|
0-0: Called Strike 0-1: Ball 1-1: Foul Ball, location: 2F 1-2: Ball 2-2: Ball 3-2: Base on Balls
|
|
Batting: RHB Barbaro Garbey
|
0-0: Ball 1-0: Ball 2-0: Reached on error, E4 (Groundball, 4, EV 101.3 MPH) Greg Smith to third
|
|
Batting: LHB Matt Hall
|
0-0: Ball 1-0: Foul Ball, location: 2F 1-1: Ball 2-1: Swinging Strike 2-2: Ground out 6-3 (Groundball, 6, EV 88.1 MPH)
|
| Bottom of the 3rd over - 0 runs, 0 hits, 1 error, 2 left on base; Waterloo 1 - Wisconsin Rapids 1 |
| TOP OF THE 4TH |
|
Waterloo Hawks batting - Pitching for Wisconsin Rapids Timber Rattlers : RHP Roger McDowell
|
|
Batting: RHB Carmelo Aguayo
|
0-0: Called Strike 0-1: Swinging Strike 0-2: SOLO HOME RUN (Flyball, 7D, EV 103.1 MPH), Distance : 365 ft
|
|
Batting: RHB Jay Loviglio
|
0-0: Called Strike 0-1: Ground out 5-3 (Groundball, 15, EV 90.0 MPH)
|
|
Batting: LHB Burk Goldthorn
|
0-0: Called Strike 0-1: Swinging Strike 0-2: Ball 1-2: Ball 2-2: Fly out, F6 (Popup, 4S, EV 71.9 MPH)
|
|
Batting: RHB Michael Williams
|
0-0: Called Strike 0-1: Reached on error, E5 (Groundball, 5, EV 97.5 MPH)
|
|
Batting: RHB Kean Rich
|
0-0: 2-RUN HOME RUN (Flyball, 78XD, EV 109.4 MPH), Distance : 425 ft
|
|
Batting: RHB David Cusack
|
0-0: Foul Ball, location: 2F 0-1: Ball 1-1: Fly out, F8 (Flyball, 89M, EV 91.9 MPH)
|
| Top of the 4th over - 3 runs, 2 hits, 1 error, 0 left on base; Waterloo 4 - Wisconsin Rapids 1 |
| BOTTOM OF THE 4TH |
|
Wisconsin Rapids Timber Rattlers batting - Pitching for Waterloo Hawks : RHP Paul Voigt
|
|
Batting: RHB Darryl Motley
|
0-0: Ball 1-0: Foul Ball, location: 2F 1-1: Ground out U3 (Groundball, 34, EV 81.3 MPH)
|
|
Batting: RHB Al Pedrique
|
0-0: Called Strike 0-1: Ball 1-1: Ground out U3 (Groundball, 34S, EV 75.6 MPH)
|
|
Batting: RHB David Peterson
|
0-0: Ball 1-0: Called Strike 1-1: Swinging Strike 1-2: Strikes out swinging
|
| Bottom of the 4th over - 0 runs, 0 hits, 0 errors, 0 left on base; Waterloo 4 - Wisconsin Rapids 1 |
| TOP OF THE 5TH |
|
Waterloo Hawks batting - Pitching for Wisconsin Rapids Timber Rattlers : RHP Roger McDowell
|
|
Batting: RHB Mark Sheehy
|
0-0: Ground out 5-3 (Groundball, 56, EV 101.9 MPH)
|
|
Batting: RHB Edward Irvine
|
0-0: Ball 1-0: Swinging Strike 1-1: Foul Ball, location: 2F 1-2: SINGLE (Groundball, 34S, EV 71.9 MPH) (infield hit)
|
|
Batting: RHB Tony Evans
|
0-0: Swinging Strike 0-1: Ball 1-1: Fielders Choice at 2nd, 5-4 (Groundball, 56, EV 89.4 MPH)
|
|
Batting: RHB Carmelo Aguayo
|
Pickoff Throw to First - Out! 1-3
|
| Top of the 5th over - 0 runs, 1 hit, 0 errors, 0 left on base; Waterloo 4 - Wisconsin Rapids 1 |
| BOTTOM OF THE 5TH |
|
Wisconsin Rapids Timber Rattlers batting - Pitching for Waterloo Hawks : RHP Paul Voigt
|
|
Batting: RHB Tim Pyznarski
|
0-0: SINGLE (Flyball, 9S, EV 83.1 MPH)
|
|
Batting: RHB Jim Presley
|
0-0: Called Strike 0-1: Ball 1-1: Called Strike Tim Pyznarski is caught stealing 2nd base 2-4 1-2: Ball 2-2: Ball 3-2: Strikes out looking
|
|
Batting: LHB Dion James
|
0-0: Ball 1-0: Ball 2-0: Foul Ball, location: 2F 2-1: Ball 3-1: DOUBLE (Line Drive, 89D, EV 105.0 MPH)
|
|
Batting: LHB Greg Smith
|
0-0: Ball 1-0: Called Strike 1-1: Foul Ball, location: 2F 1-2: Foul Ball, location: 2F 1-2: Foul Ball, location: 2F 1-2: Ball 2-2: Fly out, F7 (Line Drive, 7, EV 87.5 MPH)
|
| Bottom of the 5th over - 0 runs, 2 hits, 0 errors, 1 left on base; Waterloo 4 - Wisconsin Rapids 1 |
| TOP OF THE 6TH |
|
Waterloo Hawks batting - Pitching for Wisconsin Rapids Timber Rattlers : RHP Roger McDowell
|
|
Batting: RHB Carmelo Aguayo
|
0-0: Foul Ball, location: 2F 0-1: Ball 1-1: Ball 2-1: Ball 3-1: Fly out, F6 (Popup, 6MS, EV 75.6 MPH)
|
|
Batting: RHB Jay Loviglio
|
0-0: Fly out, F6 (Line Drive, 6, EV 61.3 MPH)
|
|
Batting: LHB Burk Goldthorn
|
0-0: Swinging Strike 0-1: Ground out 6-3 (Groundball, 6, EV 108.1 MPH)
|
| Top of the 6th over - 0 runs, 0 hits, 0 errors, 0 left on base; Waterloo 4 - Wisconsin Rapids 1 |
| BOTTOM OF THE 6TH |
|
Wisconsin Rapids Timber Rattlers batting - Pitching for Waterloo Hawks : RHP Paul Voigt
|
|
Batting: RHB Barbaro Garbey
|
0-0: Ball 1-0: Fly out, F8 (Flyball, 89D, EV 95.6 MPH)
|
|
Batting: LHB Matt Hall
|
0-0: Ball 1-0: Ground out 1-3 (Groundball, 15, EV 71.9 MPH)
|
|
Batting: RHB Darryl Motley
|
0-0: Fly out, F4 (Line Drive, 4, EV 68.1 MPH)
|
| Bottom of the 6th over - 0 runs, 0 hits, 0 errors, 0 left on base; Waterloo 4 - Wisconsin Rapids 1 |
| TOP OF THE 7TH |
|
Waterloo Hawks batting - Pitching for Wisconsin Rapids Timber Rattlers : RHP Roger McDowell
|
|
Batting: RHB Michael Williams
|
0-0: Called Strike 0-1: Foul Ball, location: 2F 0-2: Ball 1-2: Ball 2-2: Ball 3-2: Base on Balls
|
|
Batting: RHB Kean Rich
|
0-0: Called Strike 0-1: Ball 1-1: SINGLE (Groundball, 4MD, EV 100.6 MPH) Michael Williams to second
|
|
Batting: RHB David Cusack
|
0-0: Called Strike 0-1: Ball 1-1: Ball 2-1: Called Strike 2-2: Reached on error, E6 (Groundball, 6, EV 90.6 MPH) Michael Williams to third Kean Rich to second
|
|
Batting: RHB Mark Sheehy
|
0-0: SINGLE (Line Drive, 4, EV 93.8 MPH) Michael Williams scores Kean Rich to third David Cusack to second
|
|
Batting: RHB Edward Irvine
|
0-0: Foul Ball, location: 2F 0-1: Ground out 4-3 (Groundball, 34D, EV 99.4 MPH) Kean Rich scores David Cusack to third Mark Sheehy to second
|
|
Pitching: RHP Juan Maravilla
|
|
|
Batting: RHB Tony Evans
|
0-0: Ball 1-0: Called Strike 1-1: SINGLE (Groundball, 56S, EV 69.4 MPH) (infield hit) David Cusack scores Mark Sheehy to third
|
|
Batting: RHB Carmelo Aguayo
|
0-0: Swinging Strike 0-1: Ball 1-1: Ball 2-1: Ball 3-1: Foul Ball, location: 2F 3-2: Base on Balls Tony Evans to second
|
|
Batting: RHB Jay Loviglio
|
0-0: Fly out, F4 (Popup, 4MD, EV 51.3 MPH)
|
|
Batting: LHB Burk Goldthorn
|
0-0: Called Strike 0-1: Fly out, F7 (Line Drive, 7, EV 88.8 MPH)
|
| Top of the 7th over - 3 runs, 3 hits, 1 error, 3 left on base; Waterloo 7 - Wisconsin Rapids 1 |
| BOTTOM OF THE 7TH |
|
Wisconsin Rapids Timber Rattlers batting - Pitching for Waterloo Hawks : RHP Paul Voigt
|
|
Batting: RHB Al Pedrique
|
0-0: Called Strike 0-1: Ball 1-1: Fly out, F4 (Flyball, 4D, EV 90.6 MPH)
|
|
Batting: RHB David Peterson
|
0-0: Ball 1-0: Ball 2-0: Ball 3-0: Base on Balls
|
|
Batting: RHB Tim Pyznarski
|
0-0: Ball 1-0: Swinging Strike 1-1: Swinging Strike 1-2: Ball 2-2: Strikes out swinging
|
|
Batting: RHB Jim Presley
|
0-0: Ball 1-0: Foul Ball, location: 2F 1-1: Foul Ball, location: 2F 1-2: Ball 2-2: Ball 3-2: SINGLE (Groundball, 6MS, EV 74.4 MPH) (infield hit) David Peterson to second
|
|
Batting: LHB Dion James
|
0-0: SINGLE (Line Drive, 8RS, EV 93.1 MPH) David Peterson to third Jim Presley to second Runner from 3rd tries for Home, SAFE, throw by CF to home
|
|
Batting: LHB Greg Smith
|
0-0: Ball 1-0: SINGLE (Groundball, 56S, EV 73.8 MPH) (infield hit) Jim Presley to third Dion James to second
|
|
Batting: RHB Barbaro Garbey
|
0-0: Swinging Strike 0-1: Called Strike 0-2: SINGLE (Groundball, 4M, EV 84.4 MPH) (infield hit) Jim Presley scores Dion James to third Greg Smith to second
|
|
Batting: LHB Matt Hall
|
0-0: Called Strike 0-1: Ball 1-1: TRIPLE (Flyball, 89XD, EV 107.5 MPH) Dion James scores Greg Smith scores Barbaro Garbey scores
|
|
Pitching: RHP Jesus Atilano
|
|
|
Batting: RHB Darryl Motley
|
0-0: Called Strike 0-1: Ball 1-1: SINGLE (Line Drive, 8LS, EV 99.4 MPH) Matt Hall scores
|
|
Batting: RHB Al Pedrique
|
0-0: Called Strike Darryl Motley steals 2nd base 0-1: Foul Ball, location: 2F 0-2: Ball 1-2: Foul Ball, location: 2F 1-2: Ground out U3 (Groundball, 34S, EV 90.6 MPH)
|
| Bottom of the 7th over - 6 runs, 6 hits, 0 errors, 1 left on base; Waterloo 7 - Wisconsin Rapids 7 |
| TOP OF THE 8TH |
|
Waterloo Hawks batting - Pitching for Wisconsin Rapids Timber Rattlers : RHP Juan Maravilla
|
|
Batting: RHB Michael Williams
|
0-0: Called Strike 0-1: Ball 1-1: Ground out 6-3 (Groundball, 15, EV 86.3 MPH)
|
|
Batting: RHB Kean Rich
|
0-0: Ball 1-0: SINGLE (Line Drive, 89S, EV 105.6 MPH)
|
|
Batting: RHB David Cusack
|
0-0: Swinging Strike 0-1: Ball 1-1: Swinging Strike 1-2: Foul Ball, location: 2F 1-2: Strikes out swinging
|
|
Batting: RHB Mark Sheehy
|
0-0: Ball 1-0: Ball 2-0: Fly out, F9 (Flyball, 89M, EV 89.4 MPH)
|
| Top of the 8th over - 0 runs, 1 hit, 0 errors, 1 left on base; Waterloo 7 - Wisconsin Rapids 7 |
| BOTTOM OF THE 8TH |
|
Wisconsin Rapids Timber Rattlers batting - Pitching for Waterloo Hawks : RHP Jesus Atilano
|
|
Batting: RHB David Peterson
|
0-0: Ball 1-0: Ball 2-0: Ball 3-0: Called Strike 3-1: Foul Ball, location: 2F 3-2: Base on Balls
|
|
Batting: RHB Tim Pyznarski
|
0-0: Sac Bunt to P - play at first, batter OUT! 1-4 David Peterson to second
|
|
Batting: RHB Jim Presley
|
0-0: Foul Ball, location: 2F 0-1: Fly out, F8 (Line Drive, 8RM, EV 103.8 MPH) Runner from 2nd tags up, SAFE at 3rd with throw by CF
|
|
Batting: LHB Dion James
|
0-0: Foul Ball, location: 2F 0-1: Foul Ball, location: 2F 0-2: Ball 1-2: Ball 2-2: Fly out, F5 (Flyball, 56D, EV 87.5 MPH)
|
| Bottom of the 8th over - 0 runs, 0 hits, 0 errors, 1 left on base; Waterloo 7 - Wisconsin Rapids 7 |
| TOP OF THE 9TH |
|
Waterloo Hawks batting - Pitching for Wisconsin Rapids Timber Rattlers : RHP Juan Maravilla
|
|
Pitching: LHP Scott Bailes
|
|
|
Batting: RHB Edward Irvine
|
0-0: Called Strike 0-1: Swinging Strike 0-2: Foul Ball, location: 2F 0-2: Foul Ball, location: 2F 0-2: Strikes out looking
|
|
Batting: RHB Tony Evans
|
0-0: Ball 1-0: Called Strike 1-1: Ball 2-1: Ball 3-1: Base on Balls
|
|
Batting: RHB Carmelo Aguayo
|
0-0: Swinging Strike Tony Evans is caught stealing 2nd base 2-4 0-1: Foul Ball, location: 2F 0-2: Ball 1-2: Strikes out looking
|
| Top of the 9th over - 0 runs, 0 hits, 0 errors, 0 left on base; Waterloo 7 - Wisconsin Rapids 7 |
| BOTTOM OF THE 9TH |
|
Wisconsin Rapids Timber Rattlers batting - Pitching for Waterloo Hawks : RHP Jesus Atilano
|
|
Batting: LHB Greg Smith
|
0-0: Ball 1-0: Called Strike 1-1: Ground out 5-3 (Groundball, 56, EV 76.9 MPH)
|
|
Batting: RHB Barbaro Garbey
|
0-0: Swinging Strike 0-1: Called Strike 0-2: Ball 1-2: Ground out 4-3 (Groundball, 4, EV 81.9 MPH)
|
|
Batting: LHB Matt Hall
|
0-0: Ball 1-0: Ground out 5-3 (Groundball, 5, EV 76.3 MPH)
|
| Bottom of the 9th over - 0 runs, 0 hits, 0 errors, 0 left on base; Waterloo 7 - Wisconsin Rapids 7 |
| TOP OF THE 10TH |
|
Waterloo Hawks batting - Pitching for Wisconsin Rapids Timber Rattlers : LHP Scott Bailes
|
|
Batting: RHB Jay Loviglio
|
0-0: Called Strike 0-1: Foul Ball, location: 2F 0-2: Ball 1-2: Ball 2-2: Ball 3-2: Foul Ball, location: 2F 3-2: Foul Ball, location: 2F 3-2: Foul Ball, location: 2F 3-2: Ground out 5-3 (Groundball, 5L, EV 84.4 MPH)
|
|
Batting: LHB Burk Goldthorn
|
0-0: Fly out, F8 (Flyball, 8RD, EV 103.8 MPH)
|
|
Batting: RHB Michael Williams
|
0-0: Called Strike 0-1: Ball 1-1: Foul Ball, location: 2F 1-2: Foul Ball, location: 2F 1-2: Ball 2-2: Fly out, F7 (Flyball, 7D, EV 101.3 MPH)
|
| Top of the 10th over - 0 runs, 0 hits, 0 errors, 0 left on base; Waterloo 7 - Wisconsin Rapids 7 |
| BOTTOM OF THE 10TH |
|
Wisconsin Rapids Timber Rattlers batting - Pitching for Waterloo Hawks : RHP Jesus Atilano
|
|
Batting: RHB Darryl Motley
|
0-0: Ball 1-0: Called Strike 1-1: Foul Ball, location: 2F 1-2: Strikes out swinging
|
|
Batting: RHB Al Pedrique
|
0-0: Foul Ball, location: 2F 0-1: Ball 1-1: Foul Ball, location: 2F 1-2: Ball 2-2: Ball 3-2: Ground out 4-3 (Groundball, 4, EV 91.9 MPH)
|
|
Pinch Hitting: LHB Jimmy Hickman
|
0-0: Foul Ball, location: 2F 0-1: Ball 1-1: Foul Ball, location: 2F 1-2: Foul Ball, location: 2F 1-2: DOUBLE (Line Drive, 7LM, EV 106.3 MPH)
|
|
Batting: RHB Tim Pyznarski
|
0-0: Swinging Strike 0-1: Ball 1-1: SINGLE (Line Drive, 3D, EV 95.0 MPH) Jimmy Hickman to third Runner from 3rd tries for Home, SAFE, throw by RF to home
|
| Bottom of the 10th over - 1 run, 2 hits, 0 errors, 0 left on base; Waterloo 7 - Wisconsin Rapids 8 |
|